 Dungeon Crawl Stone Soup version 0.30-a0-325-gb515db48ae (webtiles) character file.

Game seed: 1211828795176376744

1029 Devinter the Sneak (level 8, 0/36 HPs)
             Began as a Vine Stalker Enchanter on Oct 28, 2022.
             Slain by Pikel
             ... wielding a +2 whip of freezing
              (2 damage)
             ... on level 6 of the Dungeon.
             The game lasted 00:27:58 (4067 turns).

Devinter the Sneak (Vine Stalker Enchanter)         Turns: 4067, Time: 00:27:59

Health: 0/36       AC:  2    Str: 11    XL:     8   Next: 23%
Magic:  0/15       EV: 12    Int: 23    God:
Gold:   328        SH:  0    Dex: 20    Spells: 4/16 levels left

rFire   . . .      SeeInvis .    x - +9 trident "Xag Ceaq" {elec, Contam Will+ Int+8 Dex+3}
rCold   . . .      Faith    .    (no shield)
rNeg    . . .      Spirit   +    b - +0 robe
rPois   .          Reflect  .    (no helmet)
rElec   .          Harm     .    (no cloak)
rCorr   .          Rampage  .    (no gloves)
Will    ++...                    (no boots)
Stlth   +++.......               (no amulet)
HPRegen 1.06/turn                (no ring)
MPRegen 0.14/turn                (no ring)

@: no status effects
A: fangs 3, regeneration 1, magic shield, antimagic bite, no potion heal 2
a: no special abilities


You were on level 6 of the Dungeon.
You visited 1 branch of the dungeon, and saw 6 of its levels.

You collected 328 gold pieces.

Inventory:

Hand Weapons
 l - a +6 club
 u - a +2 dagger of freezing
 x - the +9 trident "Xag Ceaq" (weapon) {elec, Contam Will+ Int+8 Dex+3}
   (You found it on level 4 of the Dungeon)

   It occasionally discharges a powerful burst of electricity upon striking a
   foe.
   Int:       It affects your intelligence (+8).
   Dex:       It affects your dexterity (+3).
   Contam:    It causes magical contamination when unequipped.
   Will:      It increases your willpower.
 z - a +1 dagger of draining
Missiles
 a - 2 poisoned darts
 k - 3 datura-tipped darts (quivered)
 r - 2 throwing nets
 y - 4 boomerangs
Armour
 b - a +0 robe (worn)
Magical Staves
 v - a staff of poison
Wands
 D - a wand of paralysis (5)
 G - a wand of mindburst (13)
Scrolls
 d - 2 scrolls of blinking {unknown}
 h - 2 scrolls of enchant weapon {unknown}
 j - a scroll of immolation {unknown}
 m - 7 scrolls of teleportation {unknown}
 o - a scroll of poison {unknown}
 s - a scroll of amnesia {unknown}
 w - a scroll of identify {unknown}
 E - a scroll of fear {unknown}
 F - a scroll of magic mapping {unknown}
Potions
 c - 2 potions of invisibility
 e - a potion of degeneration {unknown}
 f - 4 potions of curing {unknown}
 g - a potion of heal wounds {unknown}
 i - 5 potions of brilliance {unknown}
 n - 4 potions of mutation {unknown}
 p - 3 potions of magic {unknown}
 q - a potion of resistance {unknown}
 t - a potion of lignification {unknown}
 A - a potion of might {unknown}
 B - a potion of flight {unknown}
 C - 2 potions of ambrosia {unknown}


   Skills:
 - Level 2.5 Short Blades
 * Level 3.2 Polearms
 - Level 2.0 Dodging
 - Level 5.0 Stealth
 + Level 4.5 Spellcasting
 + Level 1.9 Conjurations
 + Level 4.9 Hexes
 + Level 4.0 Ice Magic


You had 4 spell levels left.
You knew the following spells:

 Your Spells              Type           Power      Damage    Failure   Level
a - Ensorcelled Hibernat  Hex/Ice        50%        N/A       2%          2
b - Confusing Touch       Hex            28%        N/A       3%          3
c - Tukima's Dance        Hex            28%        N/A       3%          3
d - Magic Dart            Conj           52%        1d5       4%          1
e - Mephitic Cloud        Conj/Pois/Air  8%         N/A       22%         3

Your spell library contained the following spells:

 Spells                   Type           Power      Damage    Failure   Level
 Dazzling Flash           Conj/Hex       42%        N/A       8%          3
 Call Imp                 Summ           5%         N/A       16%         2
 Gell's Gravitas          Tloc           5%         N/A       30%         3
 Lesser Beckoning         Tloc           10%        N/A       30%         3
 Teleport Other           Tloc           5%         N/A       30%         3


Dungeon Overview and Level Annotations

Branches:
Dungeon (6/15)
 Temple: D:4-7

Altars:
Vehumet

Annotations:
D:2 Sigmund
D:6 Pikel


Innate Abilities, Weirdness & Mutations

You have razor-sharp teeth.
Your natural rate of healing is unusually fast.
When hurt, damage is shared between your health and your magic reserves.
Your bite disrupts and absorbs the magic of your enemies.
Potions cannot restore your health.


Message History

The lemure hits you! The lemure hits you.
Pikel shouts!
You puncture the lemure! Your bite misses the lemure.
The lemure is heavily wounded.
You hear a shout!
The lemure misses you.
You hear a shout!
You completely miss the lemure. Your bite misses the lemure.
The lemure is heavily wounded.
Casting: Ensorcelled Hibernation (safe; 2% risk of failure)
Confirm with . or Enter, or press ? or * to list all spells.
Aiming: Ensorcelled Hibernation (safe; 2% risk of failure)
Press: ? - help, Shift-Dir - straight line, f - Pikel, p - lemure
Aim: Pikel, wielding a +2 whip of freezing and wearing a +0 robe (chance to affect: 56%) Pikel looks drowsy...
The helpless Pikel fails to defend himself.
You puncture Pikel! Your bite misses Pikel.
Pikel is moderately wounded.
Pikel hits you with a +2 whip of freezing!
Pikel freezes you. Pikel attacks as you move away! Pikel barely misses you.
The lemure barely misses you. The lemure attacks as you move away!
The lemure misses you. Pikel attacks as you move away!
Pikel hits you with a +2 whip of freezing!
* * * LOW MAGIC WARNING * * *
Pikel freezes you.
* * * LOW MAGIC WARNING * * *
You puncture Pikel! You bite Pikel, but do no damage.
Pikel is heavily wounded.
Pikel hits you with a +2 whip of freezing!
* * * LOW MAGIC WARNING * * *
Pikel freezes you.
* * * LOW HITPOINT WARNING * * *
Pikel attacks as you move away!
Pikel hits you with a +2 whip of freezing!
* * * LOW MAGIC WARNING * * *;
* * * LOW HITPOINT WARNING * * *
Pikel freezes you.
* * * LOW MAGIC WARNING * * *
You die...

####### ##...
#########.....## #....
####....#..........
#...#
..................#
##..# #.........# #..#
##......### #..#
###.5.## #..# ##K.#
#..# ##@## ### ##.#
#..######.# #..
##..##.....# ###
###..........#
##...........##
##............#
###.............#
##.......PPP.....##
###.......P.P.P..#..###


You could see Pikel and a lemure.

Vanquished Creatures
  Eustachio (D:6)
  2 black bears (D:4)
  2 ogres (D:6)
  A phantom (D:5)
  A scorpion (D:5)
  A howler monkey (D:5)
  2 hounds (D:5)
  A jelly (D:4)
  Jessica (D:2)
  An iguana (D:5)
  2 orc wizards (D:6)
  6 gnolls (D:5)
  6 adders
  2 shadow imps (D:5)
  2 ufetubi
  3 worms
  A dart slug (D:3)
  2 orcs (D:6)
  2 bats
  An endoplasm (D:2)
  A giant cockroach (D:4)
  7 goblins
  4 hobgoblins
  7 kobolds
  4 quokkas
  4 ball pythons
  A frilled lizard (D:2)
  2 rats (D:1)
70 creatures vanquished.

Notes
Turn   | Place    | Note
-------+----------+-------------------------------------------
     0 | D:1      | Devinter the Vine Stalker Enchanter began the quest for the
                  | Orb.
     0 | D:1      | Reached XP level 1. HP: 9/9 MP: 4/4
   102 | D:1      | Reached skill level 1 in Short Blades
   318 | D:1      | Reached XP level 2. HP: 13/13 MP: 6/6
   384 | D:1      | Learned a level 2 spell: Ensorcelled Hibernation
   835 | D:2      | Noticed Sigmund
   969 | D:2      | Noticed Jessica
   973 | D:2      | Killed Jessica
   974 | D:2      | Reached skill level 4 in Stealth
   974 | D:2      | Reached skill level 1 in Ice Magic
   974 | D:2      | Reached XP level 3. HP: 16/16 MP: 4/7
  1110 | D:2      | Reached skill level 2 in Dodging
  1110 | D:2      | Gained mutation: Your natural rate of healing is unusually
                  | fast. [Vine Stalker growth]
  1110 | D:2      | Reached XP level 4. HP: 11/21 MP: 2/9
  1635 | D:3      | Reached skill level 2 in Ice Magic
  1941 | D:4      | Noticed a black bear
  1944 | D:4      | Killed a black bear
  1945 | D:4      | Reached skill level 2 in Short Blades
  1945 | D:4      | Reached skill level 3 in Spellcasting
  1945 | D:4      | Reached XP level 5. HP: 21/24 MP: 3/10
  2125 | D:4      | Reached XP level 6. HP: 28/28 MP: 11/11
  2206 | D:4      | Identified the +9 trident "Xag Ceaq" {elec, Contam Will+
                  | Int+8 Dex+3}
  2292 | D:4      | Learned a level 3 spell: Confusing Touch
  2296 | D:4      | Learned a level 3 spell: Tukima's Dance
  2351 | D:4      | Noticed a black bear
  2359 | D:4      | Killed a black bear
  2360 | D:4      | Reached skill level 4 in Hexes
  2474 | D:5      | Entered Level 5 of the Dungeon
  2514 | D:5      | Reached skill level 1 in Polearms
  2514 | D:5      | Reached skill level 3 in Ice Magic
  2517 | D:5      | Reached skill level 5 in Stealth
  2517 | D:5      | Reached XP level 7. HP: 31/32 MP: 11/13
  2671 | D:5      | Learned a level 1 spell: Magic Dart
  2675 | D:5      | Learned a level 3 spell: Mephitic Cloud
  2798 | D:5      | Reached skill level 4 in Spellcasting
  2888 | D:5      | Reached skill level 2 in Polearms
  2979 | D:5      | HP: 2/32 [gnoll/+0 halberd[a gnoll bouda] (10)]
  3386 | D:6      | Reached skill level 1 in Conjurations
  3714 | D:6      | Gained mutation: You have razor-sharp teeth. [Vine Stalker
                  | growth]
  3714 | D:6      | Reached XP level 8. HP: 31/36 MP: 11/15
  3908 | D:6      | Noticed Eustachio
  3910 | D:6      | Found a radiant altar of Vehumet.
  3920 | D:6      | Killed Eustachio
  3921 | D:6      | Reached skill level 3 in Polearms
  3929 | D:6      | Reached skill level 4 in Ice Magic
  4055 | D:6      | Noticed Pikel
  4067 | D:6      | HP: 2/36 [Pikel/+2 whip of freezing (12)]
  4067 | D:6      | Slain by Pikel

Illustrated notes

Levels and vault maps discovered:
D:1:      eino_arrival_cavern_e, layout_basic
D:2:      layout_basic, serial_rivers, chequers_serial_rivers_marsh,
          chequers_serial_rivers_micro_c, chequers_serial_rivers_micro_e,
          chequers_serial_rivers_small_3, chequers_serial_rivers_large_b,
          chequers_serial_rivers_small_b, kennysheep_decorative_pillar,
          uniq_jessica, uniq_sigmund
D:3:      layout_rooms, small_statue_intersection
D:4:      layout_gridville, chequers_serial_rivers_small_a
D:5:      layout_loops_ring
D:6:      layout_cave_pods, amcnicky_altar_gilded, dreamdust_mushroom_princess,
          chequers_mini_garden, uniq_eustachio, uniq_pikel

Skill      XL: |  1  2  3  4  5  6  7  8 |
---------------+-------------------------+-----
Short Blades   | 1 2 |  2.5
Stealth        | 4 5 |  5.0
Ice Magic      | 1 2 3 4 |  4.0
Dodging        | 2 |  2.0
Spellcasting   | 3 4 |  4.5
Hexes          | 4 |  4.9
Polearms       | 1 2 3 |  3.2
Conjurations   | 1 |  1.9

Action                   |  1- 3 |  4- 6 |  7- 9 || total
-------------------------+-------+-------+-------++-------
Melee: Dagger            |    52 |    25 |       ||    77
       Bite              |    14 |    14 |    14 ||    42
       Club              |     4 |    10 |       ||    14
       Trident           |       |    19 |    66 ||    85
       Punch             |       |       |     2 ||     2
 Cast: Ensorcelled Hiber |     6 |    10 |     5 ||    21
       Tukima's Dance    |       |       |     6 ||     6
  Use: Potion            |       |       |     1 ||     1
 Stab: Sleeping          |     6 |    15 |    11 ||    32
Armor: Robe              |     3 |     7 |     9 ||    19
Dodge: Dodged            |    30 |    20 |    26 ||    76

Table legend: (Time is in decaauts)
 A = Elapsed time spent in this place.
 B = Non-inter-level travel time spent in this place.
 C = Inter-level travel time spent in this place.
 D = Time resting spent in this place.
 E = Time spent auto-exploring this place.
 F = Levels seen in this place.
 G = Mean time per level.
                   A        B        C        D        E       F      G
               +--------+--------+--------+--------+--------+-----+--------+
         Total |   4117 |   3952 |    165 |     65 |   1232 |   6 |  686.2 |
       Dungeon |   4117 |   3952 |    165 |     65 |   1232 |   6 |  686.2 |
               +--------+--------+--------+--------+--------+-----+--------+

Top non-repeatable levels by time:
     D:5: 864 daAuts
     D:2: 838 daAuts
     D:1: 747 daAuts
     D:6: 708 daAuts
     D:4: 637 daAuts
     D:3: 321 daAuts
